 Dungeon Crawl Stone Soup version 0.30-a0-989-g0d87f670db (webtiles) character file.

Game seed: 4757355915630559249

39139 Pooter the Skirmisher (level 13, -2/117 HPs)
             Began as a Minotaur Berserker on Apr 2, 2023.
             Was an Elder of Trog.
             Slain by a death yak (3 damage)
             ... while petrified by a catoblepas
             ... on level 5 of the Lair of Beasts.
             The game lasted 01:44:18 (26722 turns).

Pooter the Skirmisher (Minotaur Berserker)         Turns: 26722, Time: 01:44:18

Health: -2/117     AC: 18    Str: 28    XL:     13   Next: 67%
Magic:  12/12      EV:  2    Int:  7    God:    Trog [****..]
Gold:   230        SH:  0    Dex: 15    Spells: 12/12 levels left

rFire   . . .      SeeInvis .    v - +4 executioner's axe (freeze)
rCold   . . .      Faith    .    (shield currently unavailable)
rNeg    + + +      Spirit   .    z - +1 chain mail
rPois   ∞          Reflect  .    n - +2 hat {Int+3}
rElec   .          Rampage  .    A - +0 cloak
rCorr   .                        G - +0 pair of gloves
Will    .....                    x - +2 pair of boots Stlth
                                 (no amulet)
HPRegen 0.39/turn                P - ring of poison resistance
MPRegen 0.13/turn                i - +6 ring of dexterity

@: petrified
A: horns 2, retaliatory headbutt
a: Renounce Religion, Berserk, Trog's Hand, Brothers in Arms


You were on level 5 of the Lair of Beasts.
You worshipped Trog.
Trog was greatly pleased with you.
You visited 2 branches of the dungeon, and saw 15 of its levels.
You also visited: Sewer and Bailey.

You collected 859 gold pieces.
You spent 629 gold pieces at shops.

Inventory:

Hand Weapons
 a - a +3 demon trident of electrocution
   (You found it on level 5 of the Dungeon)
 b - the +8 longbow "Zephyr" {speed, Dex+3 SInv}
   (You acquired it in a bailey)

   Dex:       It affects your dexterity (+3).
   SInv:      It lets you see invisible.
 v - a +4 executioner's axe of freezing (weapon)
   (You acquired it on level 10 of the Dungeon)
 Q - a +6 great mace
   (You took it off Urug on level 2 of the Lair of Beasts)
 V - a +1 heavy flail
   (You took it off an orc on level 9 of the Dungeon)
Missiles
 h - 5 datura-tipped darts
 p - 33 poisoned darts (quivered)
 F - 6 silver javelins
 K - 21 javelins
 O - 5 boomerangs
 W - a curare-tipped dart
Armour
 n - a +2 hat of intelligence (worn)
   (You took it off Gastronok on level 2 of the Lair of Beasts)
 x - a +2 pair of boots (worn)
   (You found it on level 8 of the Dungeon)
 z - a +1 chain mail (worn)
   (You took it off an orc priest on level 3 of the Dungeon)
 A - a +0 cloak (worn)
   (You found it on level 8 of the Dungeon)
 G - a +0 pair of gloves (worn)
   (You found it on level 6 of the Dungeon)
Jewellery
 i - a +6 ring of dexterity (right hand)
   (You found it on level 9 of the Dungeon)
 j - a ring of ice
   (You took it off Fannar on level 2 of the Lair of Beasts)
 C - a ring of resist corrosion
   (You found it on level 1 of the Lair of Beasts)
 N - a ring of positive energy
   (You found it on level 6 of the Dungeon)
 P - a ring of poison resistance (left hand)
   (You found it on level 3 of the Dungeon)
 S - a ring of see invisible
   (You found it on level 6 of the Dungeon)
Wands
 d - a wand of iceblast (12)
   (You found it on level 3 of the Dungeon)
 f - a wand of flame (5)
   (You took it off an orc on level 9 of the Dungeon)
 u - a wand of paralysis (7)
   (You found it on level 5 of the Lair of Beasts)
 D - a wand of digging (11)
   (You found it on level 7 of the Dungeon)
 Z - a wand of mindburst (7)
   (You found it on level 4 of the Dungeon)
Scrolls
 k - 9 scrolls of vulnerability {!r}
 q - 2 scrolls of magic mapping
 t - 3 scrolls of teleportation {@r4}
 y - 4 scrolls of immolation {!r}
 H - 6 scrolls of noise {!r}
 I - a scroll of blinking {unknown}
 R - 3 scrolls of fog
 U - a scroll of enchant armour
 X - a scroll of butterflies {unknown}
Potions
 c - 14 potions of curing {@q1}
 e - 5 potions of heal wounds {@q2}
 g - 3 potions of cancellation
 m - 4 potions of resistance
 o - 6 potions of mutation {!q}
 r - 4 potions of attraction {!q}
 s - 4 potions of flight
 w - 4 potions of lignification {!q}
 B - 4 potions of invisibility {unknown}
 E - 4 potions of might
 J - 4 potions of haste {@q3}
 T - 2 potions of brilliance {unknown}
 Y - a potion of ambrosia {unknown}
Miscellaneous
 l - a condenser vane (inert)
   (You found it on level 9 of the Dungeon)
 M - a phial of floods
   (You found it in a bailey)


   Skills:
 + Level 11.8 Fighting
 * Level 14.1(16.0) Axes
 - Level 3.4(9.8) Maces & Flails
 - Level 11.9(14.8) Polearms
 * Level 14.5 Ranged Weapons
 + Level 4.2 Armour
 + Level 3.8 Dodging
 + Level 2.3 Stealth
 + Level 5.9 Evocations


You had 12 spell levels left.
You didn't know any spells.
Your spell library was empty.

Dungeon Overview and Level Annotations

Branches:
Dungeon (10/15)            Temple (0/1) D:6            Lair (5/5) D:9
 Shoals (0/4) Lair:2        Snake (0/4) Lair:2        Slime (0/5) Lair:4
    Orc (0/2) D:9           Sewer (visited)          Bailey (visited)

Altars:
Ashenzari
Cheibriados
Elyvilon
Kikubaaqudgha
Makhleb
Nemelex Xobeh
Ru
Uskayaw
Vehumet
Wu Jian
Xom
Yredelemnul
Zin
The Shining One
Jiyva

Shops:
D:1 [!(=(   D:2 *   D:8 *


Innate Abilities, Weirdness & Mutations

You have a pair of horns on your head.
You reflexively headbutt those who attack you in melee.


Message History

The deep troll shaman is moving more slowly.
The death yak gores you.
Your limbs are stiffening.
You fail to use your ability.
The death yak is no longer petrified.
The catoblepas gores you! The death yak gores you!
A four-headed hydra comes into view.
The death yak gores you.
The catoblepas gores you but does no damage.
The death yak gores you.
The four-headed hydra moves out of view.
You have turned to stone.
You feel the effects of Trog's Hand fading.
The death yak gores you! The catoblepas gores you!
* * * LOW HITPOINT WARNING * * *
The death yak gores you!
* * * LOW HITPOINT WARNING * * *
The deep troll shaman is engulfed in calcifying dust.
The deep troll shaman stops moving altogether!
The death yak gores you.
* * * LOW HITPOINT WARNING * * *
The catoblepas gores you but does no damage.
The death yak gores you.
* * * LOW HITPOINT WARNING * * *
The death yak is no longer petrified.
The death yak gores you!
* * * LOW HITPOINT WARNING * * *
The catoblepas gores you!!
* * * LOW HITPOINT WARNING * * *
The death yak gores you but does no damage.
The death yak gores you!
* * * LOW HITPOINT WARNING * * *
The catoblepas gores you.
* * * LOW HITPOINT WARNING * * *
The death yak gores you!!
* * * LOW HITPOINT WARNING * * *
The death yak is no longer petrified.
The death yak gores you!
* * * LOW HITPOINT WARNING * * *
The catoblepas gores you!!
* * * LOW HITPOINT WARNING * * *
The death yak gores you.
* * * LOW HITPOINT WARNING * * *
The death yak gores you but does no damage.
The catoblepas gores you but does no damage.
The death yak gores you.
* * * LOW HITPOINT WARNING * * *
Your skin stops crawling.
You feel less strong-willed.
The death yak gores you but does no damage.
The catoblepas gores you.
* * * LOW HITPOINT WARNING * * *
The death yak gores you but does no damage.
The death yak gores you.
You die...

P..P# ....#
...##.... .P.#
....##.8.......
..P# #....#
.÷.....##..#
##...###......#..#
#.....###...÷#.#
##....♣.##.÷.hY##
##.....P##..YYY#
###........YY@#
########..T##
###Y# ###


You could see 6 death yaks, a catoblepas, a deep troll shaman (petrified) and a
wolf.

Vanquished Creatures
  Gastronok (Lair:2)
  The ghost of Jeffwins the Skirmisher, a journeyman HuWn of Vehumet (D:10)
  Fannar (Lair:2)
  A hydra (D:10)
  2 catoblepae (Lair:5)
  A boulder beetle (Lair:5)
  2 two-headed ogres
  Urug (Lair:2)
  3 skysharks
  4 elephants (Lair:5)
  A salamander (Lair:2)
  A merfolk siren (Lair:2)
  3 black mambas (Lair:5)
  A gargoyle (D:9)
  Maggie (Lair:2)
  11 cane toads
  4 komodo dragons
  A yaktaur (shapeshifter) (D:10)
  A rime drake (Lair:2)
  A polar bear (Lair:5)
  2 trolls
  23 blink frogs
  3 vampires
  3 wyverns
  A shadow (D:9)
  A steam dragon (D:8)
  54 yaks
  6 basilisks
  11 water moccasins
  Duvessa (D:7)
  13 orc warriors
  3 black bears
  An ogre (D:7)
  12 wolves
  13 centaurs
  2 kobold brigands
  3 phantoms
  Blork the orc (D:5)
  6 bullfrogs
  A gnoll sergeant (D:7)
  4 scorpions
  8 wights
  9 killer bees
  2 electric eels (Lair:1)
  3 lava snakes (Lair:2)
  7 hounds
  A gnoll bouda (D:6)
  5 orc priests
  5 jellies (Lair:4)
  A sleepcap (D:5)
  3 iguanas
  9 orc wizards
  12 hell rats
  8 adders
  9 gnolls
  A white imp (D:5)
  An ufetubus (D:5)
  4 worms
  2 dart slugs
  71 orcs
  8 endoplasms
  6 giant cockroaches
  7 hobgoblins
  2 jackals (D:2)
  28 kobolds
  3 quokkas
  11 ball pythons
  10 bats
  2 frilled lizards
  10 goblins
  7 rats
461 creatures vanquished.

Vanquished Creatures (collateral kills)
  3 gnolls (D:6)
  2 orcs (D:10)
5 creatures vanquished.

Vanquished Creatures (others)
  Dowan (D:7)
  A gnoll (D:6)
  18 fungi
  25 plants
45 creatures vanquished.

Grand Total: 511 creatures vanquished

Notes
Turn   | Place    | Note
-------+----------+-------------------------------------------
     0 | D:1      | Pooter the Minotaur Berserker began the quest for the Orb.
     0 | D:1      | Reached XP level 1. HP: 19/19 MP: 0/0
    12 | D:1      | Found Henyx's Jewellery Shop.
   123 | D:1      | Found Usanil's Weapon Emporium.
   282 | D:1      | Reached skill level 1 in Ranged Weapons
   317 | D:1      | Found Ewosmoo's Armour Shoppe.
   346 | D:1      | Reached XP level 2. HP: 24/27 MP: 1/1
   552 | D:1      | Found Xaoriux's Antique Weapon Shop.
   572 | D:1      | Found Asyuschaph's Distillery.
   581 | D:1      | Bought a potion of curing for 33 gold pieces
   776 | D:2      | Reached ** piety under Trog
   796 | D:2      | Reached XP level 3. HP: 29/33 MP: 2/2
   832 | D:2      | Found Zulauf's Assorted Antiques.
   847 | D:2      | Bought a scroll labelled JUARYSH LIOCW for 28 gold pieces
  1204 | D:2      | Bought a scroll labelled NYCADA BUBAFO for 28 gold pieces
  1313 | D:2      | Found a faded altar of an unknown god.
  1445 | D:3      | Reached XP level 4. HP: 40/40 MP: 3/3
  1516 | D:3      | Reached skill level 5 in Axes
  1687 | D:3      | Reached XP level 5. HP: 45/47 MP: 4/4
  1916 | D:3      | Reached *** piety under Trog
  2156 | D:3      | Found an ornate altar of the Wu Jian Council.
  2495 | D:4      | Reached XP level 6. HP: 33/55 MP: 5/5
  2623 | D:4      | Reached skill level 5 in Fighting
  2659 | D:4      | Identified the +2 leather armour "Saemuf" {rElec Regen+}
  2778 | D:4      | Found a basalt altar of Yredelemnul.
  2845 | D:4      | Found a radiant altar of Vehumet.
  2933 | D:2      | Bought a scroll labelled WUAB SIMEW for 28 gold pieces
  2933 | D:2      | Bought a scroll labelled XATO UTIUT for 28 gold pieces
  2996 | D:4      | Found a hide-covered altar of Uskayaw.
  3123 | D:4      | Found a sparkling altar of Nemelex Xobeh.
  3156 | D:4      | Reached skill level 5 in Ranged Weapons
  3156 | D:4      | Reached XP level 7. HP: 56/61 MP: 6/6
  3224 | D:5      | Entered Level 5 of the Dungeon
  3258 | D:5      | Reached skill level 1 in Polearms
  3261 | D:5      | Reached **** piety under Trog
  3319 | D:5      | Found a white marble altar of Elyvilon.
  3361 | D:5      | Found a glowing drain.
  3385 | Sewer    | Entered a sewer
  3801 | D:5      | Noticed Blork the orc
  3805 | D:5      | Killed Blork the orc
  3973 | D:5      | Reached XP level 8. HP: 70/70 MP: 7/7
  4357 | D:2      | Bought an emerald potion for 25 gold pieces
  4542 | D:6      | Found a broken altar of Ashenzari.
  4661 | D:6      | Found a staircase to the Ecumenical Temple.
  4824 | D:6      | Found a burning altar of Makhleb.
  5273 | D:6      | Reached skill level 5 in Polearms
  6197 | D:7      | Reached XP level 9. HP: 78/78 MP: 8/8
  6294 | D:7      | Found a sacrificial altar of Ru.
  6759 | D:2      | Bought a warped sling for 182 gold pieces
  6759 | D:2      | Identified the +4 sling of Cakh {freeze, Will++ Int+5
                  | Dex-3} (You bought it in a shop on level 2 of the Dungeon)
  6938 | D:7      | Noticed Duvessa
  6938 | D:7      | Noticed Dowan
  6946 | D:7      | Killed Dowan
  6950 | D:7      | Killed Duvessa
  7211 | D:8      | Found a flagged portal.
  7220 | Bailey   | Entered a bailey
  7226 | Bailey   | Reached ***** piety under Trog
 10243 | Bailey   | Reached XP level 10. HP: 47/88 MP: 9/9
 10468 | Bailey   | Acquired the +8 longbow "Zephyr" {speed, Dex+3 SInv}
 10468 | Bailey   | Found the +8 longbow "Zephyr" {speed, Dex+3 SInv}
 10573 | Bailey   | Identified the staff of air "Fabeeryck" {rElec rC++ rCorr
                  | Int-3 Stlth+}
 11330 | D:1      | Bought a potion of haste for 110 gold pieces
 11559 | D:8      | Found an ancient bone altar of Kikubaaqudgha.
 11682 | D:8      | Found a glowing golden altar of the Shining One.
 11767 | D:8      | Found Zin's Purification Station.
 11770 | D:8      | Found a glowing silver altar of Zin.
 11832 | D:9      | Found a snail-covered altar of Cheibriados.
 11907 | D:9      | Found a staircase to the Lair.
 11929 | D:9      | Reached skill level 10 in Ranged Weapons
 12028 | D:9      | Noticed a two-headed ogre
 12038 | D:9      | Killed a two-headed ogre
 12110 | D:9      | Reached skill level 10 in Polearms
 12833 | D:2      | Bought a scroll of identify for 56 gold pieces
 13793 | D:9      | Reached skill level 10 in Axes
 13912 | D:9      | Paralysed by an orc for 4 turns
 14404 | D:9      | Reached skill level 1 in Maces & Flails
 14410 | D:9      | Reached XP level 11. HP: 81/97 MP: 10/10
 14437 | D:9      | Received a gift from Trog
 14510 | D:9      | Reached skill level 1 in Evocations
 14526 | D:9      | Found a staircase to the Orcish Mines.
 14730 | D:10     | Entered Level 10 of the Dungeon
 15226 | D:10     | Noticed an entropy weaver
 15229 | D:10     | an entropy weaver changed into a yaktaur
 15275 | D:10     | Noticed a two-headed ogre
 15280 | D:10     | Killed a two-headed ogre
 15783 | D:10     | Found a runed translucent gate.
 15783 | D:10     | Found a runed translucent gate.
 15783 | D:10     | Found a runed translucent gate.
 15783 | D:10     | Noticed a ten-headed hydra
 15783 | D:10     | Noticed Jeffwins's ghost (journeyman HuWn)
 15861 | D:10     | Found a shimmering altar of Xom.
 17506 | D:10     | Acquired a +4 executioner's axe of freezing
 17522 | D:10     | Killed Jeffwins's ghost
 18592 | D:10     | Killed a ten-headed hydra
 18727 | Lair:1   | Entered Level 1 of the Lair of Beasts
 18870 | Lair:1   | Reached skill level 10 in Fighting
 19249 | Lair:1   | Reached XP level 12. HP: 87/106 MP: 11/11
 20140 | Lair:2   | Found a staircase to the Shoals.
 20231 | Lair:2   | Noticed Fannar
 20251 | Lair:2   | Killed Fannar
 20393 | Lair:2   | Noticed Urug
 20403 | Lair:2   | Killed Urug
 20418 | Lair:2   | Found a staircase to the Snake Pit.
 20784 | Lair:2   | Noticed Gastronok
 20802 | Lair:2   | Killed Gastronok
 20995 | Lair:2   | Noticed Maggie
 21005 | Lair:2   | Killed Maggie
 22137 | Lair:3   | Reached skill level 5 in Evocations
 22639 | Lair:4   | Upgraded the game from 0.30-a0-986-g7f2e898f52 to
                  | 0.30-a0-989-g0d87f670db
 22668 | Lair:4   | Reached XP level 13. HP: 102/113 MP: 12/12
 22854 | Lair:4   | Found a viscous altar of Jiyva.
 22867 | Lair:4   | Found a staircase to the Slime Pits.
 23139 | D:2      | Bought a scroll of identify for 56 gold pieces
 23210 | D:1      | Bought a potion of heal wounds for 55 gold pieces
 24228 | Lair:5   | Entered Level 5 of the Lair of Beasts
 24496 | Lair:5   | Reached skill level 1 in Stealth
 26719 | Lair:5   | HP: 3/117 [catoblepas (13)]
 26721 | Lair:5   | HP: 1/117 [catoblepas (2)]
 26722 | Lair:5   | Slain by a death yak

Illustrated notes

Levels and vault maps discovered:
D:1:      minmay_arrival_arboretum_small, layout_loops_ring, serial_shops,
          nicolae_square_shop, nicolae_shop_trees, shop,
          nicolae_shop_hallway_stairs, nicolae_lakefront_shop,
          minmay_fountain_box
D:2:      layout_basic, dreamdust_ecumenical_altar_hidden_monk_grotto,
          serial_shops, nicolae_shop_waterfront, minmay_tromino_i4
D:3:      layout_loops_ring, nzn_wu_jian_council_hall
D:4:      layout_rooms, mainiacjoe_overflow_24_doors, marbit_many_paths,
          nicolae_uskayaw_murder_on_the_dancefloor, pf_just_have_faith,
          minmay_misc_feat_columns, abandoned_shop, chequers_garden,
          minmay_misc_feat_plants
D:5:      layout_gridville, mainiacjoe_overflow_concentric_impassable,
          cheibrodos_sewer_entry_bend, serial_rivers,
          chequers_serial_rivers_large_a, chequers_serial_rivers_small_3,
          chequers_serial_rivers_micro_e, chequers_serial_rivers_room_a,
          chequers_serial_rivers_micro_b, uniq_blork_the_orc
D:6:      layout_basic, nicolae_ashenzari_panopticon,
          makhleb_blood_cavern_becter, minmay_temple_entry_glass
D:7:      layout_gridville, general_overflow_altar, uniq_duvessa
D:8:      layout_rooms, zin_purify, nicolae_kikubaaqudgha_miasma_corner,
          tso_oasis_becter, enter_bailey_2
D:9:      layout_loops_ring, mainiacjoe_overflow_catwalk, david_lair_generic,
          hiddenorc1_lemuel
D:10:     layout_cave_pods, mainiacjoe_overflow_six_doors_small,
          gammafunk_ghost_hydra_chop, serial_column_ruins, column_ruins_grid_5,
          column_ruins_open_small, column_ruins_columns_straight,
          column_ruins_columns_corner, column_ruins_grid_1, column_ruins_grid_1,
          column_ruins_corridor_water
Lair:1:   layout_cave_pods, disabler_island
Lair:2:   layout_roguey, minmay_shoals_entry_lonely_mermaid,
          nicolae_snake_entry_warm_welcome, infiniplex_staircase_pool,
          uniq_urug, uniq_fannar, uniq_gastronok, uniq_maggie
Lair:3:   layout_misc_corridors
Lair:4:   layout_roguey, nicolae_slime_entry_field_trip
Lair:5:   grunt_lair_end_beastmaster, layout_hall_layers, serial_bayou_crossing,
          lemuel_fruit_tree

Skill      XL: |  1  2  3  4  5  6  7  8  9 10 11 12 13 |
---------------+----------------------------------------+-----
Ranged Weapons | 1 2 3 4 5 6 7 9 10 12 13 14 | 14.5
Axes           | 4 5 6 7 8 9 10 11 13 14 | 14.1
Fighting       | 4 5 6 8 9 10 11 | 11.8
Polearms       | 3 6 8 10 11 | 11.9
Maces & Flails | 1 3 |  3.4
Evocations     | 3 5 |  5.9
Armour         | 4 |  4.2
Stealth        | 2 |  2.3
Dodging        | 3 |  3.8

Action                     |  1- 3 |  4- 6 |  7- 9 | 10-12 | 13-15 || total
---------------------------+-------+-------+-------+-------+-------++-------
  Melee: Hand axe          |    30 |    43 |       |       |       ||    73
         Headbutt          |     2 |    17 |    25 |    68 |    27 ||   139
         War axe           |       |    78 |    15 |     9 |       ||   102
         Demon trident     |       |       |   192 |   281 |    99 ||   572
         Punch             |       |       |       |     3 |     1 ||     4
         Broad axe         |       |       |       |    11 |       ||    11
         Executioner's axe |       |       |       |    27 |    18 ||    45
         Flail             |       |       |       |     5 |       ||     5
   Fire: Sling             |    92 |    54 |   182 |       |       ||   328
         Shortbow          |       |       |    15 |       |       ||    15
         Longbow           |       |       |       |   264 |   106 ||   370
  Throw: Stone             |       |     4 |       |       |       ||     4
         Dart              |       |       |     6 |     8 |     3 ||    17
 Invoke: Berserk           |     1 |     1 |     4 |     6 |     3 ||    15
         Trog's Hand       |     1 |     1 |     5 |    16 |     5 ||    28
  Evoke: Wand              |       |       |     3 |     5 |       ||     8
         Condenser vane    |       |       |       |       |     1 ||     1
    Use: Scroll            |     5 |     3 |     4 |    14 |     4 ||    30
         Potion            |       |       |     1 |     1 |     3 ||     5
   Stab: Paralysed         |       |       |       |     5 |       ||     5
         Petrified         |       |       |       |       |     8 ||     8
         Petrifying        |       |       |       |       |     2 ||     2
 Armour: Animal skin       |     1 |       |       |       |       ||     1
         Scale mail        |    39 |     1 |       |       |       ||    40
         Chain mail        |       |    77 |    89 |   160 |    68 ||   394
  Dodge: Dodged            |    41 |    70 |    81 |   101 |    44 ||   337
  Block: Buckler           |       |     3 |    14 |     1 |       ||    18

Table legend: (Time is in decaauts)
 A = Elapsed time spent in this place.
 B = Non-inter-level travel time spent in this place.
 C = Inter-level travel time spent in this place.
 D = Time resting spent in this place.
 E = Time spent auto-exploring this place.
 F = Levels seen in this place.
 G = Mean time per level.
                   A        B        C        D        E       F      G
               +--------+--------+--------+--------+--------+-----+--------+
         Total |  26823 |  24644 |   2179 |  10715 |  10435 |  17 | 1577.8 |
       Dungeon |  15560 |  13645 |   1915 |   5252 |   6441 |  10 | 1556.0 |
          Lair |   7457 |   7193 |    264 |   2697 |   3582 |   5 | 1491.4 |
         Sewer |    258 |    258 |      0 |      0 |    163 |   1 |  258.0 |
        Bailey |   3546 |   3546 |      0 |   2765 |    247 |   1 | 3546.0 |
               +--------+--------+--------+--------+--------+-----+--------+

Top non-repeatable levels by time:
    D:10: 3709 daAuts
  Bailey: 3546 daAuts
     D:9: 3010 daAuts
  Lair:5: 2322 daAuts
  Lair:2: 2243 daAuts
     D:6: 1557 daAuts
     D:3: 1266 daAuts
     D:7: 1249 daAuts
  Lair:4: 1187 daAuts
     D:5: 1093 daAuts
     D:4: 1011 daAuts
  Lair:1: 1007 daAuts
     D:8: 923 daAuts
     D:1: 869 daAuts
     D:2: 868 daAuts
